 Dungeon Crawl Stone Soup version 0.17-a0-1887-g3e50df6 (webtiles) character file.

18 tablen the Ducker (level 2, -7/20 HPs)
             Began as an Octopode Wanderer on Sept 23, 2015.
             Was an Initiate of Okawaru.
             Mangled by a gnoll
             ... wielding a +0 halberd
              (12 damage)
             ... on level 3 of the Dungeon.
             The game lasted 00:07:43 (710 turns).

tablen the Ducker (Octopode Wanderer)                Turns: 710, Time: 00:07:43

Health: -7/20      AC:  1    Str: 11    XL:     2   Next: 66%
Magic:  3/3        EV:  9    Int: 12    God:    Okawaru [......]
Gold:   51         SH:  9    Dex: 13    Spells: 0 memorised, 3 levels left

rFire  . . .     SeeInvis .     m - +0 long sword
rCold  . . .     Clarity  .     f - +2 shield
rNeg   . . .     SustAt   .     (helmet restricted)
rPois  .         Gourm    .     (no amulet)
rElec  .         Spirit   .     (no ring)
rCorr  .         Warding  .     (no ring)
rMut   .         Stasis   .     (no ring)
MR     .....                    (no ring)
Stlth  +++.......               (no ring)
                                (no ring)
                                (no ring)
                                (no ring)

@: not resistant to hostile enchantments, fairly stealthy
A: almost no armour, amphibious, 8 rings, constrict 8, camouflage 1, gelatinous
body 1
a: Renounce Religion


You were on level 3 of the Dungeon.
You worshipped Okawaru.
Okawaru was noncommittal.
You were full.

You visited 1 branch of the dungeon, and saw 3 of its levels.

You collected 51 gold pieces.

Inventory:

Hand weapons
 d - a +0 dagger
 g - a +0 whip
 k - a +0 hunting sling
 m - a +0 long sword (weapon)
 n - a +0 long sword
Armour
 f - a +2 shield (worn)
Potions
 b - a potion of lignification
 c - 2 potions of curing
 j - a potion of heal wounds
 l - a potion of haste {unknown}
 o - a potion of poison {unknown}
Miscellaneous
 a - a fan of gales (inert)
Comestibles
 e - a bread ration
 h - 2 meat rations
 p - a slice of pizza


   Skills:
 - Level 2.3 Fighting
 * Level 1.0 Long Blades
 - Level 2.4 Dodging
 - Level 1.3 Stealth
 + Level 0.4 Shields
 - Level 1.0 Spellcasting
   Level 2.0 Air Magic
 - Level 2.1 Evocations


You had 3 spell levels left.
You didn't know any spells.

Dungeon Overview and Level Annotations

Branches:
Dungeon (3/15)

Altars:
Okawaru
Zin


Innate Abilities, Weirdness & Mutations

You cannot wear most types of armour.
You are amphibious.
You can wear up to eight rings at the same time.
You can use your tentacles to constrict eight enemies at once.
Your skin changes colour to match your surroundings (Stealth).
Your rubbery body absorbs attacks (AC +1).


Message History

The gnoll closely misses you. You block the bat's attack.
The gnoll hits you from afar with a spear.
You block the bat's attack.
You barely miss the bat. You grab the bat. You constrict the bat.
You kill the bat!
Okawaru accepts your kill. You block the gnoll's attack.
A ball python comes into view.
You block the gnoll's attack. The gnoll hits you with a halberd.
An adder comes into view.
You barely miss the gnoll.
The gnoll shouts!
You grab the gnoll. You squeeze the gnoll!
The gnoll is severely wounded.
You constrict the gnoll. The gnoll hits you with a spear.
* * * LOW HITPOINT WARNING * * *
The gnoll hits you with a halberd!
Ouch! That really hurt!
You die...

#..............
................ #rr..#
.....(.......... #....#.
...............
###r...#..##.#......$....
.......# ...............
....... ###.##r..†......
###r..####.#).gg@........
>.....g..#.#.g#g.........
g...<........_#..........
.####...g...#.#..........
.# #....g..#g#..........
.# #......##.#.S.)...S..
.# #......+.............
## #......##.#..).......
#......##..


You could see 3 gnolls, an adder, a hobgoblin, a ball python and a rat.

Vanquished Creatures
  An ooze (D:2)
  A giant gecko (D:1)
  5 hobgoblins
  2 bats
  3 giant newts (D:2)
  A kobold (D:2)
13 creatures vanquished.

Vanquished Creatures (collateral kills)
  A bat (D:1)
1 creature vanquished.

Grand Total: 14 creatures vanquished

Notes
Turn   | Place    | Note
--------------------------------------------------------------
     0 | D:1      | tablen the Octopode Wanderer began the quest for the Orb.
     0 | D:1      | tablen set off with: a fan of gales, a potion of lignification, a potion of curing, a +0 dagger, a bread ration, a !bad item (cl:100,ty:0,pl:0,pl2:0,sp:0,qu:0), a !bad item (cl:100,ty:0,pl:0,pl2:0,sp:0,qu:0), a !bad item (cl:100,ty:0,pl:0,pl2:0,sp:0,qu:0), a !bad item (cl:100,ty:0,pl:0,pl2:0,sp:0,qu:0), a !bad item (cl:100,ty:0,pl:0,pl2:0,sp:0,qu:0), a !bad item (cl:100,ty:0,pl:0,pl2:0,sp:0,qu:0), a !bad item (cl:100,ty:0,pl:0,pl2:0,sp:0,qu:0), a !bad item (cl:100,ty:0,pl:0,pl2:0,sp:0,qu:0), a !bad item (cl:100,ty:0,pl:0,pl2:0,sp:0,qu:0), a !bad item (cl:100,ty:0,pl:0,pl2:0,sp:0,qu:0), a !bad item (cl:100,ty:0,pl:0,pl2:0,sp:0,qu:0), a !bad item (cl:100,ty:0,pl:0,pl2:0,sp:0,qu:0), a !bad item (cl:100,ty:0,pl:0,pl2:0,sp:0,qu:0), a !bad item (cl:100,ty:0,pl:0,pl2:0,sp:0,qu:0), a !bad item (cl:100,ty:0,pl:0,pl2:0,sp:0,qu:0), a !bad item (cl:100,ty:0,pl:0,pl2:0,sp:0,qu:0), a !bad item (cl:100,ty:0,pl:0,pl2:0,sp:0,qu:0), a !bad item (cl:100,ty:0,pl:0,pl2:0,sp:0,qu:0), a !bad item (cl:100,ty:0,pl:0,pl2:0,sp:0,qu:0), a !bad item (cl:100,ty:0,pl:0,pl2:0,sp:0,qu:0), a !bad item (cl:100,ty:0,pl:0,pl2:0,sp:0,qu:0), a !bad item (cl:100,ty:0,pl:0,pl2:0,sp:0,qu:0), a !bad item (cl:100,ty:0,pl:0,pl2:0,sp:0,qu:0), a !bad item (cl:100,ty:0,pl:0,pl2:0,sp:0,qu:0), a !bad item (cl:100,ty:0,pl:0,pl2:0,sp:0,qu:0), a !bad item (cl:100,ty:0,pl:0,pl2:0,sp:0,qu:0), a !bad item (cl:100,ty:0,pl:0,pl2:0,sp:0,qu:0), a !bad item (cl:100,ty:0,pl:0,pl2:0,sp:0,qu:0), a !bad item (cl:100,ty:0,pl:0,pl2:0,sp:0,qu:0), a !bad item (cl:100,ty:0,pl:0,pl2:0,sp:0,qu:0), a !bad item (cl:100,ty:0,pl:0,pl2:0,sp:0,qu:0), a !bad item (cl:100,ty:0,pl:0,pl2:0,sp:0,qu:0), a !bad item (cl:100,ty:0,pl:0,pl2:0,sp:0,qu:0), a !bad item (cl:100,ty:0,pl:0,pl2:0,sp:0,qu:0), a !bad item (cl:100,ty:0,pl:0,pl2:0,sp:0,qu:0), a !bad item (cl:100,ty:0,pl:0,pl2:0,sp:0,qu:0), a !bad item (cl:100,ty:0,pl:0,pl2:0,sp:0,qu:0), a !bad item (cl:100,ty:0,pl:0,pl2:0,sp:0,qu:0), a !bad item (cl:100,ty:0,pl:0,pl2:0,sp:0,qu:0), a !bad item (cl:100,ty:0,pl:0,pl2:0,sp:0,qu:0), a !bad item (cl:100,ty:0,pl:0,pl2:0,sp:0,qu:0), a !bad item (cl:100,ty:0,pl:0,pl2:0,sp:0,qu:0), a !bad item (cl:100,ty:0,pl:0,pl2:0,sp:0,qu:0), a !bad item (cl:100,ty:0,pl:0,pl2:0,sp:0,qu:0), a !bad item (cl:100,ty:0,pl:0,pl2:0,sp:0,qu:0), a !bad item (cl:100,ty:0,pl:0,pl2:0,sp:0,qu:0), a !bad item (cl:100,ty:0,pl:0,pl2:0,sp:0,qu:0)
     0 | D:1      | Reached XP level 1. HP: 14/14 MP: 2/2
   408 | D:2      | Reached XP level 2. HP: 14/19 MP: 3/3
   506 | D:2      | Found an iron altar of Okawaru.
   535 | D:2      | Became a worshipper of Warmaster Okawaru
   558 | D:2      | Reached skill level 1 in Long Blades
   689 | D:3      | Found a glowing silver altar of Zin.
   710 | D:3      | Mangled by a gnoll

Vault maps used:
D:1:      dpeg_arrival_arbitrary_c
D:2:      minmay_misc_feat_x, okawaru_trees_1
D:3:      overflow_temple_1_default, lemuel_doored_altar,
          minmay_large_rounded_square, wad_floor_pattern_2

Action                   || total
-------------------------++-------
Melee: Whip              ||    11
       Long sword        ||    13
Evoke: Fan of gales      ||     1
  Use: Potion            ||     1
 Stab: Sleeping          ||     3
  Eat: Meat ration       ||     1
